 Dungeon Crawl Stone Soup version 0.23.2-1-ga50397a (webtiles) character file.

Game seed: 7655881012340023519

346 MalarOregon the Ruffian (level 6, -4/52 HPs)
             Began as a Ghoul Gladiator on June 1, 2019.
             Slain by an ogre
             ... wielding a +0 giant club
              (12 damage)
             ... on level 3 of the Dungeon.
             The game lasted 00:04:39 (2283 turns).

MalarOregon the Ruffian (Ghoul Gladiator)           Turns: 2283, Time: 00:04:40

Health: -4/52      AC:  4    Str: 18    XL:     6   Next: 59%
Magic:  5/5        EV: 12    Int:  5    God:
Gold:   139        SH:  0    Dex: 10    Spells: 5/5 levels left

rFire    . . .     SeeInvis .     - Unarmed
rCold    + . .     Gourm    .   (no shield)
rNeg     + + +     Faith    .   a - +0 leather armour
rPois    ∞         Spirit   .   b - +0 helmet
rElec    .         Reflect  .   (no cloak)
rCorr    .         Harm     .   (no gloves)
MR       .....                  (no boots)
Stlth    ++........             (no amulet)
HPRegen  0.00/turn              (no ring)
MPRegen  0.09/turn              (no ring)

@: rotting, hasted, very quick
A: rotting body, claws 1, carnivore, cold resistance 1, negative energy
resistance 3, inhibited regeneration, torment resistance, unbreathing
a: no special abilities


You were on level 3 of the Dungeon.
You were not hungry.

You visited 1 branch of the dungeon, and saw 4 of its levels.

You collected 139 gold pieces.

Inventory:

Missiles
 c - 3 throwing nets (quivered) {!f}
Armour
 a - a +0 leather armour (worn)
 b - a +0 helmet (worn)
 n - a +0 cloak
   (You found it on level 2 of the Dungeon)
Jewellery
 o - an uncursed ring of stealth {unknown}
   (You found it on level 3 of the Dungeon)
Scrolls
 f - 3 scrolls of identify {unknown}
 g - 2 scrolls of remove curse {unknown}
 l - 2 scrolls of immolation {unknown}
 p - a scroll of fog {unknown}
 q - 2 scrolls of blinking {unknown}
 r - a scroll of enchant armour {unknown}
Potions
 i - 2 potions of might {unknown}
 j - a potion of curing {@q1}
 k - a potion of experience {unknown}
 m - a potion of lignification {unknown}
 s - a potion of degeneration {unknown}
 t - 2 potions of ambrosia {unknown}
 u - a potion of flight {unknown}
Comestibles
 e - 6 rations {!d}


   Skills:
 + Level 4.1 Fighting
 - Level 1.7 Throwing
 - Level 2.6 Dodging
 + Level 3.5 Stealth
 * Level 6.0 Unarmed Combat


You had 5 spell levels left.
You didn't know any spells.
Your spell library was empty.

Dungeon Overview and Level Annotations

Branches:
Dungeon (4/15)
 Temple: D:4-7

Altars:
Wu Jian


Innate Abilities, Weirdness & Mutations

Your body is rotting away.
You thrive on raw meat.
You are immune to poison.
You have sharp fingernails.
You are carnivorous and can eat meat at any time.
Your flesh is cold resistant. (rC+)
You are immune to negative energy. (rN+++)
You do not regenerate when monsters are visible.
You are immune to unholy pain and torment.
You can survive without breathing.


Message History

You see here a jackal corpse.
You butcher the jackal corpse.
d - 5 chunks of flesh (gained 2)
You see here a jackal skeleton.
There isn't anything to butcher here.
There isn't anything to butcher here.
An orc comes into view. It is wielding a +0 flail.
Things that are here:
a scroll labeled XOMAUBBAAL; a moonstone ring
i - 2 green potions (gained 1)
Found 8 gold pieces.
t - 2 metallic red potions
Found a glowing orange potion.
Found a spear.
u - a glowing orange potion An ogre comes into view.
It is wielding a +0 giant club.
The ogre shouts!
There is a stone staircase leading up here.
You climb upwards.
There is a stone staircase leading down here.
You start resting.
Some of the chunks of flesh in your inventory have rotted away.
You feel your flesh rotting away.
You climb downwards.
The ogre closely misses you.
There is a stone staircase leading up here.
The ogre closely misses you.
You climb upwards.
There is a stone staircase leading down here.
You claw the ogre! The ogre misses you.
You claw the ogre! The ogre closely misses you.
You scratch the ogre. You barely miss the ogre.
The ogre hits you with a +0 giant club!!
You claw the ogre!
The ogre hits you with a +0 giant club!!
* * * LOW HITPOINT WARNING * * *
Eat one of 2 chunks of flesh? (ye/n/q)
You eat one of the 2 chunks of flesh.
You feel more resilient.
This raw flesh tastes great!
Eat a chunk of flesh? (ye/n/q)
You eat the chunk of flesh.
This raw flesh tastes great!
The ogre hits you with a +0 giant club!
* * * LOW HITPOINT WARNING * * *
Items here: ))))) [ You see here a tomahawk.
You see here a leather armour.
You aren't carrying any items that you can evoke.
Unknown command.
You feel yourself speed up. The ogre hits you with a +0 giant club!
You die...

#...# #.##. #<..# #.##. ###..#
############ #÷##. .....#
#........[.# #.##.
####.###..........# #.##.
#.(..#............# #.##.
...#)#.....##################.##.
#...##.....#########.......##.##.
....(.......(...@O).....>...#.#..
###..#.....########........##.#.#
##)#.....# #........##.#.#
#)####### #........##.#[# #.#
#.#########.#.# #.###### #.#
#.#.# #......# #.# #.#.# ######.#
#.# #.#.. #.# #.# #.###


You could see an ogre.

Vanquished Creatures
  A scorpion (D:4)
  A jelly (D:3)
  Terence (D:3)
  2 worker ants (D:4)
  A hound skeleton (D:4)
  Robin (D:3)
  3 adders
  An ooze (D:2)
  2 worms (D:2)
  3 dart slugs
  2 leopard geckos
  19 orcs
  3 bats
  4 giant cockroaches
  12 goblins
  10 hobgoblins
  11 jackals
  10 kobolds
  2 ball pythons
  3 frilled lizards
  A quokka skeleton (D:4)
  19 rats
112 creatures vanquished.

Notes
Turn   | Place    | Note
-------+----------+-------------------------------------------
     0 | D:1      | MalarOregon the Ghoul Gladiator began the quest for the
                  | Orb.
     0 | D:1      | Reached XP level 1. HP: 17/17 MP: 0/0
    62 | D:1      | Reached XP level 2. HP: 8/25 MP: 1/1
    68 | D:1      | Reached skill level 1 in Stealth
   278 | D:1      | Reached XP level 3. HP: 20/30 MP: 2/2
   281 | D:1      | Reached skill level 4 in Unarmed Combat
   788 | D:2      | Reached XP level 4. HP: 33/38 MP: 3/3
  1330 | D:3      | Noticed Robin
  1344 | D:3      | Killed Robin
  1350 | D:3      | Reached XP level 5. HP: 32/45 MP: 4/4
  1531 | D:3      | Reached skill level 5 in Unarmed Combat
  1577 | D:3      | Found an ornate altar of the Wu Jian Council.
  1696 | D:3      | Noticed Terence
  1703 | D:3      | Killed Terence
  1925 | D:4      | Reached XP level 6. HP: 35/52 MP: 5/5
  2068 | D:4      | Reached skill level 6 in Unarmed Combat
  2283 | D:3      | Slain by an ogre

Skill      XL: |  1  2  3  4  5  6 |
---------------+-------------------+-----
Stealth        | 1 2 3 |  3.5
Unarmed Combat | 4 5 6 |  6.0
Fighting       | 3 4 |  4.1
Throwing       | |  1.7
Dodging        | |  2.6

Action                   |  1- 3 |  4- 6 || total
-------------------------+-------+-------++-------
Melee: Unarmed           |   141 |   209 ||   350
       Punch             |       |     7 ||     7
  Use: Potion            |       |     3 ||     3
 Stab: Sleeping          |     3 |     2 ||     5
       Distracted        |       |     2 ||     2
  Eat: Chunk             |     6 |    34 ||    40
Armor: Leather armour    |    37 |    39 ||    76
Dodge: Dodged            |    83 |   112 ||   195
